 Dungeon Crawl Stone Soup version 0.29.1-13-g9f3cf754e1 (webtiles) character file.

Game seed: 447191660560467499

28179 devnull the Necromancer (level 13, -8/79 HPs)
             Began as a Demonspawn Necromancer on Jan 28, 2023.
             Was a Believer of Yredelemnul.
             Mangled by Donald
             ... wielding a +2 long sword of flaming
              (10 damage)
             ... on level 2 of the Orcish Mines on Jan 29, 2023.
             The game lasted 01:12:08 (19130 turns).

devnull the Necromancer (Demonspawn Necromancer)   Turns: 19130, Time: 01:12:09

Health: -8/79      AC:  9    Str:  8    XL:     13   Next: 8%
Magic:  27/29      EV:  9    Int: 21    God:    Yredelemnul [**....]
Gold:   955        SH:  8    Dex: 19    Spells: 11/20 levels left

rFire   . . .      SeeInvis .   a - +2 short sword (speed)
rCold   . . .      Faith    .   B - +0 kite shield
rNeg    . . .      Spirit   .   e - +0 ring mail
rPois   .          Reflect  .   x - +0 helmet
rElec   .          Harm     .   (cloak unavailable)
rCorr   .          Rampage  .   o - +0 pair of gloves
Will    .....                   I - +0 pair of boots
Stlth   +++++.....              X - amulet of the acrobat
HPRegen 0.23/turn               k - ring of magical power
MPRegen 0.21/turn               J - ring of wizardry

@: mighty
A: thin skeletal structure 2, powered by pain 2, demonic magic 2, weakness
stinger 3
a: Renounce Religion, Recall Undead Harvest, Dark Bargain


You were on level 2 of the Orcish Mines.
You worshipped Yredelemnul.
Yredelemnul was aware of your devotion.
You visited 2 branches of the dungeon, and saw 16 of its levels.
You also visited: Ossuary.

You collected 1207 gold pieces.
You spent 252 gold pieces at shops.

Inventory:

Hand Weapons
 a - a +2 short sword of speed (weapon)
 w - a +0 spear
Missiles
 h - a throwing net
 m - 31 poisoned darts
 K - 4 atropa-tipped darts
 T - 9 curare-tipped darts
Armour
 e - a +0 ring mail (worn)
 o - a +0 pair of gloves (worn)
 q - a +2 robe of resistance
 t - a +2 robe of willpower
 x - a +0 helmet (worn)
 B - a +0 kite shield (worn)
 I - a +0 pair of boots (worn)
Jewellery
 d - a ring of ice
 k - a ring of magical power (left hand)
 H - a ring of flight
 J - a ring of wizardry (right hand)
 Q - a ring of willpower
 X - an amulet of the acrobat (around neck)
 Y - a ring of fire
Wands
 g - a wand of light (25)
 r - a wand of roots (23)
 P - a wand of polymorph (17)
 R - a wand of charming (10)
 Z - a wand of digging (2)
Scrolls
 b - a scroll of magic mapping
 c - 2 scrolls of vulnerability
 i - a scroll of enchant weapon
 v - a scroll of blinking
 y - 5 scrolls of fog
 z - 2 scrolls of silence
 C - a scroll of summoning
 D - 3 scrolls of fear
 F - 7 scrolls of enchant armour
 G - 10 scrolls of teleportation
 M - a scroll of brand weapon {unknown}
 N - a scroll of poison
 O - 2 scrolls of amnesia
 V - a scroll of immolation
Potions
 f - 3 potions of magic
 j - 3 potions of invisibility
 l - a potion of resistance
 n - a potion of brilliance
 p - 2 potions of haste
 u - 9 potions of curing
 A - 2 potions of ambrosia
 E - a potion of berserk rage
 L - 2 potions of flight
 S - 3 potions of lignification {unknown}
 U - 4 potions of might {unknown}
 W - a potion of attraction {unknown}


   Skills:
 - Level 5.0 Armour
 - Level 3.7 Dodging
 - Level 7.0 Stealth
 + Level 4.0 Spellcasting
 - Level 17.2 Necromancy
 - Level 10.0 Invocations
 - Level 10.0 Evocations


You had 11 spell levels left.
You knew the following spells:

 Your Spells              Type           Power      Damage    Failure   Level
a - Necrotise             Necr           100%       1d9       1%          1
b - Vampiric Draining     Necr           67%        2d10      1%          3
c - Agony                 Necr           67%        N/A       1%          5

Your spell library contained the following spells:

 Spells                   Type           Power      Damage    Failure   Level
 Ensorcelled Hibernation  Hex/Ice        8%         N/A       56%         2
 Passwall                 Tmut/Erth      3%         N/A       56%         2
 Swiftness                Air            4%         N/A       78%         3
 Infestation              Necr           33%        N/A       92%         8
 Haunt                    Necr/Summ      20%        N/A       100%        7
 Animate Dead             Necr           Unusable   N/A       N/A         4

Dungeon Overview and Level Annotations

Branches:
Dungeon (14/15)            Temple (0/1) D:5            Lair (0/5) D:11
    Orc (2/2) D:10            Elf (0/3) Orc:2       Ossuary (visited)
 Vaults: D:13-14

Altars:
Dithmenos
Fedhas
Hepliaklqana
Kikubaaqudgha
Okawaru
Ru
Sif Muna
Xom
Yredelemnul

Shops:
D:2 !   D:9 ?   D:13 (

Portals:
Trove: D:14 (give +6 demon trident)

Annotations:
D:13 exclusion: deep elf pyromancer
Orc:2 Donald


Innate Abilities, Weirdness & Mutations

You have a moderately thin skeletal structure. (Dex +4, Stealth++)
You sometimes gain power by taking damage.
Spells you cast may paralyse nearby enemies.
You have a sharp stinger which inflicts weakening toxins.


Message History

Donald casts a spell.
Donald seems to grow stronger.
The orc sorcerer hits you with a +0 dagger!
You block the orc's attack. The orc knight closely misses you.
Your troll zombie barely misses the orc knight.
Your troll zombie claws the orc knight but does no damage. x2
Your orc priest zombie barely misses the orc knight.
Casting: Vampiric Draining (safe; 1% risk of failure)
Confirm with . or Enter, or press ? or * to list all spells.
Aiming: Vampiric Draining (safe; 1% risk of failure)
Press: ? - help, Shift-Dir - straight line, f/p - orc sorcerer
Aim: an orc sorcerer, wielding a +0 dagger and wearing a +0 robe (lightly wounded)
You draw life force from the orc sorcerer!
You feel life coursing into your body. Malevolent energies surge around you.
The orc suddenly stops moving! x2
Donald hits you with a +2 long sword of flaming.
Donald burns you. You block the red devil's attack.
The orc sorcerer hits you but does no damage.
The orc knight barely misses your troll zombie.
Your orc wizard zombie closely misses the orc sorcerer.
Donald hits you with a +2 long sword of flaming!!
You focus on the pain.
You feel your power returning. Donald burns you.
Your troll zombie closely misses the orc knight.
Your troll zombie barely misses the orc knight.
Your troll zombie claws the orc knight.
Your orc priest zombie closely misses the orc knight.
Casting: Vampiric Draining (safe; 1% risk of failure)
Confirm with . or Enter, or press ? or * to list all spells.
Aiming: Vampiric Draining (safe; 1% risk of failure)
Press: ? - help, Shift-Dir - straight line, f/p - orc sorcerer
Aim: an orc sorcerer, wielding a +0 dagger and wearing a +0 robe (heavily wounded)
You draw life force from the orc sorcerer!
You feel life coursing into your body! Malevolent energies surge around you.
Donald hits you with a +2 long sword of flaming!!
* * * LOW HITPOINT WARNING * * *
You focus on the pain.
You feel very mighty all of a sudden. Donald burns you!
You die...
Your body rises from the dead as a mindless zombie.

................#
#.............#.##
#............#...#
#.........#.....##
#................#
#.....#.........#
...............##
.........ZZ)#...#
.......ZZ@o4...#
#.......o@o....#
..>.....o.....#
..............#
....#.......##
..........#..#
........#.....#
..............#


You could see Donald (fast, strong), an orc knight (distracted, ally target), an
orc sorcerer, a red devil (summoned), 2 orcs, 2 friendly orc priest zombies, a
friendly orc wizard zombie and a friendly troll zombie.

Vanquished Creatures
  A fire giant (D:14)
  An ettin (Orc:1)
  A hydra (D:12)
  A catoblepas (D:14)
  A boulder beetle (D:12)
  4 centaur warriors (D:14)
  3 two-headed ogres
  Pikel (D:8)
  2 cyclopes
  An orc sorcerer (Orc:1)
  An oklob plant (Orc:1)
  3 manticores
  Maurice (D:12)
  6 kobold demonologists
  2 freezing wraiths (D:14)
  A komodo dragon (D:11)
  4 trolls
  A hornet (D:9)
  A meliai (D:14)
  Prince Ribbit (D:8)
  3 slime creatures (D:12)
  5 yaks
  2 vampire mosquitoes (D:12)
  An acid dragon (D:9)
  3 water moccasins
  11 orc warriors
  An ice beast (D:5)
  A black bear (D:6)
  3 ogres
  7 centaurs
  A lemure (D:8)
  6 kobold brigands
  4 scorpions
  2 bullfrogs
  A gnoll sergeant (D:7)
  An electric eel (D:14)
  4 howler monkeys
  A hound (D:4)
  14 orc priests
  3 jellies
  A gnoll bouda (D:9)
  Jessica (D:2)
  2 iguanas (D:5)
  12 orc wizards
  A mummy (D:7)
  Robin (D:2)
  5 adders
  12 gnolls
  A white imp (D:7)
  An ufetubus (D:4)
  2 dart slugs
  51 orcs
  4 ball pythons
  3 bats
  4 endoplasms
  3 giant cockroaches
  8 goblins
  10 hobgoblins
  4 quokkas
  12 frilled lizards (D:2)
  19 kobolds
  A rat (D:1)
269 creatures vanquished.

Vanquished Creatures (collateral kills)
  A storm dragon (D:14)
  An ettin (Orc:1)
  A two-headed ogre (D:11)
  A deep elf pyromancer (D:12)
  A water nymph (shapeshifter) (D:14)
  A tengu conjurer (D:14)
  2 meliai (D:14)
  A blink frog (shapeshifter) (D:14)
  A snapping turtle (shapeshifter) (D:14)
  A wraith (D:12)
  2 shadows (D:12)
  A basilisk (D:14)
  3 yaks
  2 wyverns
  4 vampire mosquitoes
  An acid dragon (D:9)
  2 water moccasins (D:7)
  2 orc warriors (Orc:1)
  3 centaurs
  2 bullfrogs
  2 hounds (D:6)
  An orc priest (Orc:1)
  6 orc wizards
  2 gnolls
  An adder (D:5)
  A white imp (D:6)
  15 orcs
  2 frilled lizards (D:2)
  A bush (D:9)
64 creatures vanquished.

Vanquished Creatures (others)
  A wizard (D:14)
  An unseen horror (D:12)
  A catoblepas zombie (D:14)
  A meliai zombie (D:14)
  A human zombie (D:14)
  A water nymph zombie (D:14)
  A hornet zombie (D:9)
  A manticore zombie (D:14)
  3 vampire mosquito zombies
  3 troll zombies
  A tengu zombie (D:14)
  A yak zombie (D:11)
  6 centaur zombies (D:14)
  A basilisk zombie (D:14)
  A jelly zombie (D:8)
  5 gnoll zombies
  5 kobold zombies
  17 orc zombies
  6 plants (D:2)
57 creatures vanquished.

Grand Total: 390 creatures vanquished

Notes
Turn   | Place    | Note
-------+----------+-------------------------------------------
     0 | D:1      | devnull the Demonspawn Necromancer began the quest for the
                  | Orb.
     0 | D:1      | Reached XP level 1. HP: 13/13 MP: 3/3
    24 | D:1      | Found a faded altar of an unknown god.
   377 | D:1      | Reached skill level 5 in Necromancy
   377 | D:1      | Gained mutation: You sometimes gain a little power by
                  | taking damage. [demonic ancestry]
   377 | D:1      | Reached XP level 2. HP: 19/19 MP: 0/5
   738 | D:2      | Found Pukuesoe's Distillery.
  1229 | D:2      | Noticed Robin
  1236 | D:2      | Gained mutation: You have a small tail. [demonic ancestry]
  1236 | D:2      | Reached XP level 3. HP: 24/24 MP: 6/6
  1520 | D:2      | Noticed Jessica
  1529 | D:2      | Killed Jessica
  1530 | D:2      | Reached skill level 6 in Necromancy
  1538 | D:2      | Learned a level 3 spell: Vampiric Draining
  1723 | D:2      | Gained mutation: You have a somewhat thin skeletal
                  | structure. (Dex +2, Stealth+) [demonic ancestry]
  1723 | D:2      | Reached XP level 4. HP: 30/30 MP: 7/7
  2011 | D:2      | Bought a potion of curing for 42 gold pieces
  2104 | D:2      | Killed Robin
  3046 | D:3      | Found a hazy altar of Hepliaklqana.
  3212 | D:4      | Noticed a water moccasin
  3227 | D:4      | Killed a water moccasin
  3228 | D:4      | Gained mutation: Spells you cast may paralyse adjacent
                  | enemies. [demonic ancestry]
  3228 | D:4      | Reached XP level 5. HP: 11/35 MP: 10/10
  3849 | D:4      | Reached XP level 6. HP: 38/41 MP: 11/11
  3856 | D:4      | Reached skill level 7 in Necromancy
  4533 | D:5      | Entered Level 5 of the Dungeon
  4535 | D:5      | Found an iron altar of Okawaru.
  4539 | D:5      | Reached skill level 8 in Necromancy
  4708 | D:5      | Found a shimmering altar of Xom.
  4708 | D:5      | Found a shimmering altar of Xom.
  4710 | D:5      | Found a shimmering altar of Xom.
  4718 | D:5      | Found a blossoming altar of Fedhas.
  4718 | D:5      | Found a shimmering altar of Xom.
  4723 | D:5      | Found a shimmering altar of Xom.
  4741 | D:5      | Gained mutation: You have a moderately thin skeletal
                  | structure. (Dex +4, Stealth++) [demonic ancestry]
  4741 | D:5      | Reached XP level 7. HP: 46/46 MP: 12/12
  4887 | D:5      | Reached skill level 9 in Necromancy
  5064 | D:5      | Found a sacrificial altar of Ru.
  5069 | D:5      | Found an ancient bone altar of Kikubaaqudgha.
  5071 | D:5      | Found a shimmering blue altar of Sif Muna.
  5122 | D:5      | Found a basalt altar of Yredelemnul.
  5158 | D:5      | Became a worshipper of Yredelemnul the Dark
  5222 | D:5      | Learned a level 5 spell: Agony
  5246 | D:5      | Found a staircase to the Ecumenical Temple.
  5327 | D:5      | Found a shadowy altar of Dithmenos.
  5459 | D:6      | Reached * piety under Yredelemnul
  5462 | D:6      | Gained mutation: You have a tail ending in a sharp stinger.
                  | [demonic ancestry]
  5462 | D:6      | Reached XP level 8. HP: 9/52 MP: 13/13
  6019 | D:6      | Reached ** piety under Yredelemnul
  6081 | D:6      | Reached *** piety under Yredelemnul
  6082 | D:6      | Reached skill level 5 in Stealth
  6111 | D:6      | Reached **** piety under Yredelemnul
  6669 | D:7      | Found a sand-covered staircase.
  6679 | Ossuary  | Entered an ossuary
  7114 | D:7      | Reached skill level 5 in Invocations
  7184 | D:7      | Gained mutation: You have a sharp stinger which inflicts
                  | weakening toxins. [demonic ancestry]
  7184 | D:7      | Reached XP level 9. HP: 28/57 MP: 14/14
  7863 | D:8      | Noticed Pikel
  7876 | D:8      | Killed Pikel
  8166 | D:8      | Noticed a two-headed ogre
  8177 | D:8      | Your ally Pikel died
  8186 | D:8      | Killed a two-headed ogre
  8187 | D:8      | Reached skill level 10 in Invocations
  8187 | D:8      | Reached skill level 10 in Necromancy
  8246 | D:8      | Reached skill level 1 in Evocations
  8693 | D:8      | Noticed Prince Ribbit
  8697 | D:8      | Killed Prince Ribbit
  8698 | D:8      | Gained mutation: Spells you cast may paralyse nearby
                  | enemies. [demonic ancestry]
  8698 | D:8      | Reached XP level 10. HP: 63/63 MP: 17/17
  9059 | D:9      | Found Orpholel's Magic Scroll Emporium.
  9099 | D:9      | Bought a scroll of identify for 28 gold pieces
  9099 | D:9      | Bought a scroll of identify for 28 gold pieces
  9099 | D:9      | Bought a scroll of identify for 28 gold pieces
  9099 | D:9      | Bought a scroll of identify for 28 gold pieces
  9099 | D:9      | Bought a scroll of teleportation for 42 gold pieces
  9099 | D:9      | Bought a scroll of immolation for 56 gold pieces
  9411 | D:9      | Reached skill level 5 in Evocations
  9827 | D:9      | Reached skill level 11 in Necromancy
 10126 | D:10     | Entered Level 10 of the Dungeon
 10293 | D:10     | Reached skill level 12 in Necromancy
 10662 | D:10     | Found a staircase to the Orcish Mines.
 10673 | D:10     | Reached ***** piety under Yredelemnul
 11349 | D:11     | Reached XP level 11. HP: 49/68 MP: 18/18
 11742 | D:11     | Noticed a two-headed ogre
 11750 | D:11     | Killed a two-headed ogre
 11759 | D:11     | Noticed a two-headed ogre
 11767 | D:11     | Killed a two-headed ogre
 11768 | D:11     | Found a staircase to the Lair.
 12039 | D:12     | HP: 1/68 [vampire mosquito (5)]
 12809 | D:12     | Reached skill level 10 in Evocations
 13141 | D:12     | Noticed a boulder beetle
 13154 | D:12     | Killed a boulder beetle
 13355 | D:12     | Noticed a deep elf pyromancer
 13657 | D:12     | Noticed a four-headed hydra
 13664 | D:12     | Killed a four-headed hydra
 13665 | D:12     | Reached skill level 13 in Necromancy
 13839 | D:12     | Noticed Maurice
 13844 | D:12     | Killed Maurice
 14117 | D:12     | Killed a deep elf pyromancer
 14331 | D:13     | Noticed a deep elf pyromancer
 14340 | D:13     | Noticed a vault guard
 14596 | D:13     | Found Gupyor's Weapon Boutique.
 14621 | D:13     | Noticed a skeletal warrior
 14621 | D:13     | Noticed a skeletal warrior
 14645 | D:14     | Noticed a centaur warrior
 14647 | D:14     | Noticed a centaur warrior
 14669 | D:14     | Killed a centaur warrior
 14670 | D:14     | Reached skill level 14 in Necromancy
 14678 | D:14     | Killed a centaur warrior
 14679 | D:14     | Gained mutation: You sometimes gain power by taking damage.
                  | [demonic ancestry]
 14679 | D:14     | Reached XP level 12. HP: 67/74 MP: 8/19
 14814 | D:14     | Noticed a catoblepas
 14864 | D:14     | Killed a catoblepas
 15237 | D:14     | Noticed a centaur warrior
 15256 | D:14     | Killed a centaur warrior
 15257 | D:14     | Reached skill level 15 in Necromancy
 15299 | D:14     | Noticed a fire giant
 15768 | D:14     | Noticed a centaur warrior
 15780 | D:14     | Killed a centaur warrior
 15916 | D:14     | Reached skill level 16 in Necromancy
 16452 | D:14     | Noticed a storm dragon
 16458 | D:14     | Killed a storm dragon
 16851 | D:14     | Found a portal to a secret trove of treasure.
 17036 | D:14     | Reached skill level 17 in Necromancy
 17117 | D:14     | Killed a fire giant
 17362 | Orc:1    | Entered Level 1 of the Orcish Mines
 17377 | Orc:1    | Reached skill level 1 in Armour
 17580 | Orc:1    | Noticed a two-headed ogre
 17588 | Orc:1    | Killed a two-headed ogre
 18137 | Orc:1    | Noticed an ettin
 18147 | Orc:1    | Killed an ettin
 18148 | Orc:1    | Reached XP level 13. HP: 66/79 MP: 12/20
 18416 | Orc:1    | Noticed an ettin
 18426 | Orc:1    | Killed an ettin
 18693 | Orc:1    | Reached skill level 5 in Armour
 18933 | Orc:2    | Entered Level 2 of the Orcish Mines
 19116 | Orc:2    | Found a staircase to the Elven Halls.
 19121 | Orc:2    | Noticed Donald
 19130 | Orc:2    | HP: 2/79 [Donald/+2 long sword of flaming (34)]
 19130 | Orc:2    | Mangled by Donald

Illustrated notes

Levels and vault maps discovered:
D:1:      amcnicky_arrival_blooded_trapdoor, layout_rooms,
          nicolae_ecumenical_lake_church
D:2:      layout_loops_ring, serial_shops, nicolae_shop_advertising_works
          [nicolae_subvault_shop_adworks], minmay_lizard_king, uniq_jessica,
          uniq_robin
D:3:      layout_rooms, nicolae_hepliaklqana_hippocampus
D:4:      layout_gridville
D:5:      layout_cave_pools, fedhas_altar_1, xom_redecorated,
          mainiacjoe_overflow_brackets, grunt_temple_overflow_open,
          minmay_temple_entry_trees
D:6:      layout_basic
D:7:      layout_basic, gup_ossuary_entry_pyramid, st_stairs_8
D:8:      layout_basic, mainiacjoe_overflow_surrounded_room, uniq_pikel,
          uniq_prince_ribbit1
D:9:      layout_roguey, serial_shops, shop, minmay_hedge_maze
D:10:     layout_loops_cross, david_orc_2
D:11:     layout_cross, lair_entry_dummy, serial_column_ruins,
          column_ruins_columns_dead_end, column_ruins_open_tiny,
          column_ruins_open_medium, column_ruins_corridor_corner,
          column_ruins_grid_1
D:12:     layout_stronghold, small_statue_intersection, uniq_maurice
D:13:     layout_basic, grunt_vaults_entry_fortified, serial_shops,
          nicolae_shop_hallway_stairs, hangedman_abyss_or_decor_lesser_grid,
          uniq_josephine, uniq_jorgrun
D:14:     minmay_textured_paths, layout_basic, nicolae_tso_swordbearing_angel,
          nicolae_trove_entry_columns, chequers_serial_rivers_large_a
Orc:1:    layout_caves, mines3_lemuel
Orc:2:    st_orc_town, layout_caves, basic_altar, serial_shops,
          nicolae_square_shop, ebering_ghost_disaster_area, uniq_azrael,
          uniq_donald

Skill      XL: |  1  2  3  4  5  6  7  8  9 10 11 12 13 |
---------------+----------------------------------------+-----
Necromancy     | 5 6 8 9 10 12 14 17 | 17.2
Spellcasting   | 3 4 |  4.0
Stealth        | 3 7 |  7.0
Invocations    | 5 10 | 10.0
Evocations     | 3 7 10 | 10.0
Dodging        | 3 |  3.7
Armour         | 4 5 |  5.0

Action                   |  1- 3 |  4- 6 |  7- 9 | 10-12 | 13-15 || total
-------------------------+-------+-------+-------+-------+-------++-------
Melee: Short sword       |    10 |    57 |    89 |   191 |    20 ||   367
       Tailslap          |     1 |     9 |    15 |    34 |     5 ||    64
       Spear             |       |       |     5 |     1 |       ||     6
Throw: Dart              |       |       |     3 |       |       ||     3
 Cast: Necrotise         |    55 |    85 |   119 |   166 |     8 ||   433
       Vampiric Draining |       |     1 |    24 |    91 |    19 ||   135
       Agony             |       |       |       |     6 |       ||     6
Invok: Recall Undead Har |       |       |       |     1 |       ||     1
       Dark Bargain      |       |       |       |     1 |       ||     1
Evoke: Wand              |       |       |     5 |    15 |       ||    20
  Use: Potion            |     1 |     1 |       |     4 |       ||     6
       Scroll            |       |     4 |     5 |    14 |       ||    23
 Stab: Sleeping          |       |     1 |     6 |    15 |       ||    22
       Paralysed         |       |    10 |    31 |    94 |    10 ||   145
       Distracted        |       |     1 |     2 |       |       ||     3
Armor: Ring mail         |     7 |    25 |    53 |    92 |    19 ||   196
Dodge: Dodged            |    12 |    23 |    43 |   173 |    20 ||   271
Block: Kite shield       |       |       |    33 |   119 |    17 ||   169
